 Dungeon Crawl Stone Soup version 0.29.1-13-g9f3cf754e1 (webtiles) character file.

Game seed: 9312995266566667610

315 zlionsfan the Cudgeller (level 6, -3/38 HPs)
             Began as a Gargoyle Cinder Acolyte on Jan 21, 2023.
             Was a Priest of Ignis.
             Slain by an ogre
             ... wielding a +0 giant spiked club
              (17 damage)
             ... on level 5 of the Dungeon.
             The game lasted 00:10:13 (3651 turns).

zlionsfan the Cudgeller (Gargoyle Cinder Acolyte)   Turns: 3651, Time: 00:10:14

Health: -3/38      AC: 22    Str: 20    XL:     6   Next: 44%
Magic:  0/7        EV:  7    Int: 14    God:    Ignis [***...]
Gold:   250        SH:  2    Dex:  5    Spells: 7/7 levels left

rFire   + . .      SeeInvis .   a - -1 mace (flame)
rCold   . . .      Faith    .   i - +0 buckler
rNeg    + . .      Spirit   +   n - +0 chain mail
rPois   ∞          Reflect  .   (no helmet)
rElec   +          Harm     .   (no cloak)
rCorr   .          Rampage  .   h - +2 pair of gloves
Will    .....                   (no boots)
Stlth   ..........              m - amulet of guardian spirit
HPRegen 0.12/turn               (no ring)
MPRegen 0.10/turn               (no ring)

@: fiery-armoured
A: sickness immunity, AC +4, negative energy resistance 1, electricity
resistance, torment resistance 1, petrification resistance
a: Renounce Religion, Fiery Armour, Foxfire Swarm, Rising Flame


You were on level 5 of the Dungeon.
You worshipped Ignis.
Ignis was most pleased with you.
You visited 1 branch of the dungeon, and saw 5 of its levels.

You collected 250 gold pieces.

Inventory:

Hand Weapons
 a - a -1 mace of flaming (weapon)
 r - a +0 morningstar
Missiles
 b - 2 throwing nets
 f - 3 boomerangs (quivered)
 q - 2 silver javelins
Armour
 h - a +2 pair of gloves (worn)
 i - a +0 buckler (worn)
 n - a +0 chain mail (worn)
Jewellery
 m - an amulet of guardian spirit (around neck)
Scrolls
 d - 4 scrolls of immolation
 e - a scroll of summoning
 p - a scroll of brand weapon {unknown}
 s - a scroll of teleportation
Potions
 g - 2 potions of flight
 j - 2 potions of ambrosia
 k - a potion of degeneration {unknown}
 l - a potion of heal wounds {unknown}
 o - a potion of curing {unknown}
 t - a potion of lignification {unknown}


   Skills:
 + Level 4.2 Fighting
 + Level 5.1 Maces & Flails
 + Level 0.3 Throwing
 + Level 0.2 Armour
 + Level 2.0 Dodging
 + Level 1.3 Stealth
 + Level 0.4 Shields
 + Level 1.0 Spellcasting
 + Level 3.5 Fire Magic


You had 7 spell levels left.
You didn't know any spells.
Your spell library contained the following spells:

 Spells                   Type           Power      Damage    Failure   Level
 Scorch                   Fire           20%        2d6       85%         2
 Summon Guardian Golem    Hex/Summ       0%         N/A       100%        3
 Leda's Liquefaction      Hex/Erth       0%         N/A       100%        4
 Lee's Rapid Deconstruct  Erth           0%         3d5*      100%        5
 Orb of Destruction       Conj           0%         9d5       100%        7
 Spellforged Servitor     Conj/Summ      0%         N/A       100%        7
 Statue Form              Tmut/Erth      Unusable   N/A       N/A         6

Dungeon Overview and Level Annotations

Branches:
Dungeon (5/15)
 Temple: D:4-7

Altars:
Ru

Shops:
D:1 *


Innate Abilities, Weirdness & Mutations

You are immune to sickness and miasma.
Your stone body is resilient. (AC +4)
You are immune to poison.
You resist negative energy. (rN+)
You are resistant to electric shocks. (rElec)
You are resistant to unholy torment.
You are immune to petrification.


Message History

The air around you briefly surges with heat, but it dissipates.
It was a scroll of immolation.
As you read the scroll labelled KIUCUT QUOJAE, it crumbles to dust.
It is a scroll of identify.
j - 2 potions of ambrosia
As you read the scroll of identify, it crumbles to dust.
e - a scroll of summoning
As you read the scroll of identify, it crumbles to dust.
g - 2 potions of flight
As you read the scroll of identify, it crumbles to dust.
s - a scroll of teleportation A shadow imp comes into view.
The shadow imp shouts!
You see here 20 gold pieces.
The shadow imp gestures at you. Pain shoots through your body!
You barely miss the shadow imp. The shadow imp hits you.
You thump the shadow imp! You burn the shadow imp.
You kill the shadow imp!
An ogre comes into view. It is wielding a +0 giant spiked club.
The ogre shouts!
A protective cloak of flame settles atop you.
You hit the ogre but do no damage.
The ogre hits you with a +0 giant spiked club.
The ogre is burned by your cloak of flames.
The ogre is lightly wounded.
You hit the ogre. You burn the ogre.
The ogre is heavily wounded.
The ogre hits you but does no damage.
The ogre is burned by your cloak of flames.
The ogre is heavily wounded.
You hit the ogre. You burn the ogre.
The ogre is severely wounded.
The ogre hits you with a +0 giant spiked club!
The ogre is burned by your cloak of flames.
The ogre is almost dead.
You barely miss the ogre.
The ogre is almost dead.
The ogre hits you with a +0 giant spiked club!!
You die...

. ##.#....# #. ##.
..>..#### #. #.. .#
#.#### ## #.# .#
#....# ##.##.###.##.#
##...#.....##.#
##.....####.##.#
###......$....##.####
#...O@.....#####....##
#.###...##.# #..#...
##.###.# #....##
#.###.#####)#.##
#.......†.....###
#####.#####......
#.#.....#.###
#.###.#.# # #.#.# #


You could see an ogre.

Vanquished Creatures
  An ogre (D:5)
  A necrophage (D:5)
  An iguana (D:4)
  A jelly (D:4)
  3 adders
  A shadow imp (D:5)
  2 worms
  4 dart slugs
  2 orcs
  3 ball pythons
  A bat (D:1)
  9 endoplasms
  5 giant cockroaches
  3 goblins
  8 hobgoblins
  6 kobolds
  6 quokkas
  6 frilled lizards
  A rat (D:1)
64 creatures vanquished.

Notes
Turn   | Place    | Note
-------+----------+-------------------------------------------
     0 | D:1      | zlionsfan the Gargoyle Cinder Acolyte began the quest for
                  | the Orb.
     0 | D:1      | Reached XP level 1. HP: 14/14 MP: 2/2
   379 | D:1      | Found Sunnusm's General Store.
   646 | D:1      | Reached XP level 2. HP: 10/19 MP: 3/3
  1358 | D:1      | Reached XP level 3. HP: 23/23 MP: 4/4
  1666 | D:2      | Found a sacrificial altar of Ru.
  1884 | D:2      | Reached XP level 4. HP: 20/28 MP: 5/5
  2071 | D:2      | You fall into a shaft and drop 2 floors!
  2219 | D:3      | Reached skill level 1 in Dodging
  2228 | D:3      | Reached skill level 4 in Maces & Flails
  2923 | D:4      | Reached XP level 5. HP: 30/33 MP: 4/6
  3158 | D:4      | Reached skill level 1 in Stealth
  3415 | D:5      | Entered Level 5 of the Dungeon
  3415 | D:5      | Noticed an ogre
  3423 | D:5      | Killed an ogre
  3424 | D:5      | Reached XP level 6. HP: 38/38 MP: 7/7
  3592 | D:5      | Reached skill level 5 in Maces & Flails
  3651 | D:5      | Slain by an ogre

Illustrated notes

Levels and vault maps discovered:
D:1:      doesnt_arrival_eight_statues, layout_loops_ring, serial_shops,
          shop_fountains, serial_park_tiny_2
D:2:      layout_rooms, basic_altar, wander_ebering_terrifying_dragon_lair
D:3:      layout_basic, small_statue_intersection, nicolae_eternal_life,
          hangedman_decor_peaks_small, minmay_misc_feat_alley, minmay_puff
D:4:      layout_basic, minmay_misc_feat_pillars
D:5:      layout_loops_ring, temple_green

Skill      XL: |  1  2  3  4  5  6 |
---------------+-------------------+-----
Dodging        | 1 2 |  2.0
Maces & Flails | 4 5 |  5.1
Fighting       | 4 |  4.2
Stealth        | 1 |  1.3
Throwing       | |  0.3
Armour         | |  0.2
Shields        | |  0.4
Spellcasting   | |  1.0
Fire Magic     | |  3.5

Action                   |  1- 3 |  4- 6 || total
-------------------------+-------+-------++-------
Melee: Mace              |    99 |    91 ||   190
Throw: Boomerang         |       |     5 ||     5
Invok: Fiery Armour      |     3 |     4 ||     7
  Use: Scroll            |       |     5 ||     5
Armor: Robe              |    30 |    17 ||    47
       Chain mail        |       |    19 ||    19
Dodge: Dodged            |    54 |    40 ||    94
Block: Buckler           |     1 |     6 ||     7
